 Dungeon Crawl Stone Soup version 0.30.0-19-g36f170ea60 (webtiles) character file.

Game seed: 4918980544088913137

378 jagang the Conjurer (level 6, 0/32 HPs)
             Began as a Deep Elf Conjurer on June 1, 2023.
             Was an Initiate of Vehumet.
             Slain by a sleepcap (4 damage)
             ... on level 4 of the Dungeon.
             The game lasted 00:10:24 (4254 turns).

jagang the Conjurer (Deep Elf Conjurer)             Turns: 4254, Time: 00:10:25

Health: 0/32       AC:  3    Str:  8    XL:     6   Next: 45%
Magic:  3/16       EV: 13    Int: 25    God:    Vehumet [......]
Gold:   189        SH:  5    Dex: 13    Spells: 12/15 levels left

rFire   . . .        r - +9 hammer "Isephas" {flame, rPois rCorr Str+4}
rCold   . . .        (no shield)
rNeg    . . .        a - +0 robe
rPois   +            (no helmet)
rElec   .            l - +0 cloak {rPois}
rCorr   +            (no gloves)
SInv    .            (no boots)
Will    +....        k - amulet of reflection
Stlth   ++           o - ring of willpower
HPRegen 0.25/turn    n - ring of poison resistance
MPRegen 0.15/turn

%: reflection
@: no status effects
A: no striking features
a: Renounce Religion


You were on level 4 of the Dungeon.
You worshipped Vehumet.
Vehumet was noncommittal.
You visited 2 branches of the dungeon, and saw 5 of its levels.

You collected 291 gold pieces.
You spent 102 gold pieces at shops.

Inventory:

Hand Weapons
 h - a +0 short sword
 r - the +9 hammer "Isephas" (weapon) {flame, rPois rCorr Str+4}
   (You found it on level 2 of the Dungeon)

   Str:       It affects your strength (+4).
   rPois:     It protects you from poison.
   rCorr:     It protects you from acid and corrosion.
 s - a +4 quarterstaff of chaos
Armour
 a - a +0 robe (worn)
 l - a +0 cloak of poison resistance (worn)
Jewellery
 f - a ring of protection from fire
 k - an amulet of reflection (around neck)
 n - a ring of poison resistance (right hand)
 o - a ring of willpower (left hand)
 q - a ring of ice
Scrolls
 e - a scroll of blinking {unknown}
 g - 2 scrolls of noise {unknown}
 j - a scroll of teleportation {unknown}
 m - 2 scrolls of identify {unknown}
 t - a scroll of enchant weapon {unknown}
 w - a scroll of vulnerability {unknown}
Potions
 b - a potion of magic
 c - a potion of lignification {unknown}
 d - 2 potions of cancellation {unknown}
 i - 2 potions of brilliance {unknown}
 p - 2 potions of heal wounds {unknown}
 u - a potion of attraction {unknown}
 v - a potion of haste {unknown}


   Skills:
 + Level 2.2 Staves
 + Level 3.8 Dodging
 - Level 2.4 Stealth
 * Level 5.4 Spellcasting
 * Level 5.8 Conjurations
 + Level 2.5 Evocations


You had 12 spell levels left.
You knew the following spells:

 Your Spells              Type           Power      Damage    Failure   Level
a - Magic Dart            Conj           100%       1d8       1%          1
b - Searing Ray           Conj           72%        2d7       1%          2

Your spell library contained the following spells:

 Spells                   Type           Power      Damage    Failure   Level
 Dazzling Flash           Conj/Hex       42%        N/A       7%          3
 Fulminant Prism          Conj/Hex       10%        3d9       24%         4
 Iskenderun's Mystic Bla  Conj/Tloc      21%        2d6       24%         4


Dungeon Overview and Level Annotations

Branches:
Dungeon (4/15)             Temple (1/1) D:4

Altars:
Ashenzari
Cheibriados
Dithmenos
Elyvilon
Fedhas
Gozag
Kikubaaqudgha
Makhleb
Nemelex Xobeh
Okawaru
Qazlal
Ru
Sif Muna
Uskayaw
Vehumet
Wu Jian
Xom
Yredelemnul
Zin
The Shining One

Shops:
D:2 [   D:3 =

Annotations:
D:3 3 runed translucent doors, BillyBaka's ghost, amateur VSMo


Message History

Vehumet accepts your kill.
A sleepcap comes into view.
A sleepcap is nearby!
The magic dart hits the sleepcap but does no damage.
The magic dart hits the sleepcap.
The sleepcap is lightly damaged.
An iguana comes into view.
The magic dart hits the sleepcap but does no damage.
The sleepcap is lightly damaged.
The magic dart hits the sleepcap.
The sleepcap is moderately damaged.
The magic dart hits the sleepcap but does no damage.
The sleepcap is moderately damaged.
The magic dart hits the sleepcap.
The sleepcap is moderately damaged.
The magic dart hits the sleepcap!
The sleepcap is severely damaged.
The sleepcap barely misses you.
The magic dart hits the sleepcap but does no damage.
The sleepcap is severely damaged.
The sleepcap closely misses you.
The magic dart hits the sleepcap but does no damage.
The sleepcap is severely damaged.
The sleepcap misses you.
The magic dart hits the sleepcap.
The sleepcap is severely damaged.
The iguana barely misses you. You block the sleepcap's attack.
The magic dart hits the sleepcap.
The sleepcap is severely damaged.
You block the iguana's attack. The sleepcap closely misses you.
The magic dart hits the sleepcap.
The sleepcap is almost destroyed.
You block the iguana's attack. The sleepcap releases spores at you.
You are engulfed in a cloud of soporific spores!
You fall asleep.
The iguana bites you!!
You wake up.
Ouch! That really hurt!
* * * LOW HITPOINT WARNING * * *
The sleepcap releases spores at you.
You die...

#......##...##.### .......#.....#
.......##...##..# .......#.....#
#................# .......#.....#
#.....#..........# .......#.....#
#.....#....####### .......#.....#
#.....#....###..########..#.....#
#.....#....#....#......####.....#
#.....#....'....#......#..'.....#
#.....#....#....@l.....#..#.....#
#.....#.##.#....#f.....#..#.....#
...####.#########......#..#..<..#
.........# ).....#..#.....#
#........# ......#..#.....#
#........# ......#..#.....#
#..##+#### ......#..#.....# ####
......# #.....# #.....#


You could see a sleepcap and an iguana.

Vanquished Creatures
  A black bear (D:4)
  An ogre (D:4)
  2 iguanas (D:4)
  Crazy Yiuf (D:2)
  5 adders
  An adder zombie (D:2)
  An adder skeleton (D:2)
  2 worms
  A dart slug (D:3)
  3 orcs
  7 ball pythons
  3 bats
  A bat skeleton (D:2)
  A bat zombie (D:2)
  4 endoplasms
  2 giant cockroaches
  6 goblins
  4 hobgoblins
  4 jackals (D:2)
  5 kobolds
  2 quokkas
  2 ball python skeletons (D:2)
  A ball python zombie (D:2)
  A giant cockroach zombie (D:2)
  A quokka skeleton (D:2)
  A quokka zombie (D:2)
  8 rats
71 creatures vanquished.

Notes
Turn   | Place    | Note
-------+----------+-------------------------------------------
     0 | D:1      | jagang the Deep Elf Conjurer began the quest for the Orb.
     0 | D:1      | Reached XP level 1. HP: 10/10 MP: 6/6
  1041 | D:2      | Reached XP level 2. HP: 15/15 MP: 0/8
  1334 | D:2      | Reached XP level 3. HP: 19/19 MP: 1/10
  1446 | D:2      | Found an opulent altar of Gozag.
  1541 | D:2      | Found Ossigis's Armour Emporium.
  1550 | D:2      | Bought a +0 cloak of poison resistance for 102 gold pieces
  1583 | D:2      | Reached skill level 1 in Evocations
  1629 | D:2      | Reached skill level 1 in Staves
  2201 | D:2      | Reached XP level 4. HP: 24/24 MP: 8/12
  2327 | D:2      | Found a runed translucent door.
  2328 | D:2      | Identified the +9 hammer "Isephas" {flame, rPois rCorr
                  | Str+4}
  2328 | D:2      | Noticed Crazy Yiuf
  2336 | D:2      | Killed Crazy Yiuf
  2337 | D:2      | Reached skill level 5 in Conjurations
  2499 | D:3      | Found a shadowy altar of Dithmenos.
  2553 | D:3      | Found a runed translucent gate.
  2573 | D:3      | Found Lit Okh's Jewellery Shoppe.
  2608 | D:3      | Found a runed translucent gate.
  2608 | D:3      | Found a runed translucent gate.
  2633 | D:3      | Found a faded altar of an unknown god.
  2806 | D:3      | Noticed BillyBaka's ghost (amateur VSMo)
  3299 | D:3      | Learned a level 2 spell: Searing Ray
  3417 | D:4      | Noticed an ogre
  3425 | D:4      | Killed an ogre
  3426 | D:4      | Reached XP level 5. HP: 28/28 MP: 5/14
  3620 | D:4      | Reached skill level 5 in Spellcasting
  3752 | D:4      | Found a glowing silver altar of Zin.
  3782 | D:4      | Reached XP level 6. HP: 32/32 MP: 9/15
  3976 | D:4      | Found a staircase to the Ecumenical Temple.
  3990 | Temple   | Entered the Ecumenical Temple
  4026 | Temple   | Became a worshipper of Vehumet
  4127 | D:4      | Found a hide-covered altar of Uskayaw.
  4137 | D:4      | Found a shimmering altar of Xom.
  4254 | D:4      | Slain by a sleepcap

Illustrated notes

Levels and vault maps discovered:
D:1:      saegor_arrival_fortress, layout_loops_corners
D:2:      layout_loops_ring, serial_shops,
          nicolae_shop_competitors_out_of_business, basic_altar, serial_undead,
          serial_undead_e, serial_undead_a, serial_undead_b, serial_undead_d,
          serial_undead_e, serial_undead_b, serial_undead_d, serial_undead_e,
          minmay_fractal_squares_5, uniq_crazy_yiuf_cottage
D:3:      layout_basic, grunt_dithmenos_smoke, gammafunk_ghost_icy,
          shapermc_ecumenical_altar_starsandcircs, serial_shops, shop
D:4:      layout_gridville, grunt_temple_overflow_open,
          mainiacjoe_overflow_catwalk, minmay_temple_entry_stoned_glass
Temple:   lightli_temple_of_artemis

Skill      XL: |  1  2  3  4  5 |
---------------+----------------+-----
Evocations     | 1 2 |  2.5
Staves         | 1 2 |  2.2
Dodging        | 3 |  3.8
Spellcasting   | 4 5 |  5.4
Conjurations   | 5 |  5.8
Stealth        | |  2.4

Action                     |  1- 3 |  4- 6 || total
---------------------------+-------+-------++-------
  Melee: Short sword       |    11 |       ||    11
         Unarmed           |     5 |       ||     5
         Mace              |       |     3 ||     3
   Cast: Magic Dart        |    83 |    73 ||   156
         Searing Ray       |       |     4 ||     4
 Armour: Robe              |     4 |     1 ||     5
  Dodge: Dodged            |    18 |    12 ||    30
  Block: Other             |       |     5 ||     5
